[Event "*** SCC Grand Prix: Titled Tuesday Blitz"]
[Site "Chess.com"]
[Date "2020.06.02"]
[Round "1"]
[White "BocharovD"]
[Black "amiralfio"]
[Result "1-0"]
[WhiteElo "2773"]
[BlackElo "2394"]
[TimeControl "180+1"]
[EndTime "10:05:24 PDT"]
[Termination "BocharovD won by resignation"]

1. d4 f5 2. c4 Nf6 3. Nf3 e6 4. g3 Be7 5. Bg2 O-O 6. O-O d6 7. Nc3 Ne4 8. Nxe4 fxe4 9. Ne1 d5 10. f3 dxc4 11. fxe4 e5 12. e3 Nc6 13. Nc2 Qd6 14. Rxf8+ Bxf8 15. d5 Ne7 16. Bd2 a5 17. Na3 Qc5 18.
Qf3 Ng6 19. Rf1 b5 20. Qf7+ Kh8 21. Qe8 Bb7 22. Qxb5 Qxb5 23. Nxb5 Bc5 24. Nxc7 a4 25. Nxa8 1-0

[Event "*** SCC Grand Prix: Titled Tuesday Blitz"]
[Site "Chess.com"]
[Date "2020.06.02"]
[Round "1"]
[White "bazar-wokzal"]
[Black "Bulldog167"]
[Result "0-1"]
[WhiteElo "2388"]
[BlackElo "2763"]
[TimeControl "180+1"]
[EndTime "10:05:24 PDT"]
[Termination "Bulldog167 won on time"]

1. e4 c5 2. c3 g6 3. d4 cxd4 4. cxd4 Bg7 5. Nc3 d6 6. h4 Nf6 7. h5 Nxh5 8. g4 Nf6 9. g5 Nfd7 10. f4 h6 11. gxh6 Rxh6 12. Rxh6 Bxh6 13. Nf3 Nf6 14. Bc4 Bg4 15. Qa4+ Nbd7 16. Ng5 e6 17. f5 gxf5 18. Nb5 Nxe4 19. Nxe4 fxe4 20. Nxd6+ Ke7 21. Bxh6 Kxd6 0-1

[Event "*** SCC Grand Prix: Titled Tuesday Blitz"]
[Site "Chess.com"]
[Date "2020.06.02"]
[Round "1"]
[White "EugeneRougon"]
[Black "EfM13"]
[Result "1-0"]
[WhiteElo "2654"]
[BlackElo "2314"]
[TimeControl "180+1"]
[EndTime "10:05:26 PDT"]
[Termination "EugeneRougon won by resignation"]

1. e4 g6 2. d4 Bg7 3. Nc3 d6 4. Nf3 Nf6 5. Be2 O-O 6. O-O c6 7. a4 Qc7 8. Be3 e5 9. h3 Nbd7 10. dxe5 dxe5 11. Bc4 h6 12. Qd2 Kh7 13. a5 Nh5 14.
Rfd1 Nf4 15. Qd6 Qxd6 16. Rxd6 Bf6 17. Rad1 Bd8 18. Rxd7 Bxd7 19. Rxd7 b5 20. Bxf7 Kh8 21. Nxe5 1-0

[Event "*** SCC Grand Prix: Titled Tuesday Blitz"]
[Site "Chess.com"]
[Date "2020.06.02"]
[Round "1"]
[White "Borsuk_Konstantin"]
[Black "Reinaldovera"]
[Result "0-1"]
[WhiteElo "2556"]
[BlackElo "2248"]
[TimeControl "180+1"]
[EndTime "10:05:26 PDT"]
[Termination "Reinaldovera won by resignation"]

1. d4 Nf6 2. c4 e6 3. Nc3 Bb4 4. e3 O-O 5. Bd2 d5 6. cxd5 exd5 7. Bd3 c6 8. a3 Bd6 9. Qc2 Nbd7 10. Nge2 Re8 11. h3 Nf8 12. b4 Qe7 13. Na4 Ng6 14.
Nc5 Nh4 15. Kf1 Ne4 16. Bxe4 dxe4 17. g3 Nf3 18. Ng1 Qf6 19. Nxe4 Rxe4 0-1

[Event "*** SCC Grand Prix: Titled Tuesday Blitz"]
[Site "Chess.com"]
[Date "2020.06.02"]
[Round "1"]
[White "LisikValera"]
[Black "ChEsper99"]
[Result "1-0"]
[WhiteElo "2497"]
[BlackElo "2058"]
[TimeControl "180+1"]
[EndTime "10:05:27 PDT"]
[Termination "LisikValera won by resignation"]

1. d4 Nf6 2. c4 e6 3. Nc3 Bb4 4. Nf3 O-O 5. Bg5 h6 6. Bh4 b6 7.
e3 Bb7 8. Bd3 d5 9. cxd5 exd5 10. O-O Bd6 11. Ne5 Re8 12. f4 Be7 13. Qf3 Nbd7 14.
Rae1 c5 15. g4 Ne4 16. Bxe7 Qxe7 17. Nxe4 dxe4 18. Bxe4 Bxe4 19. Qxe4 Rad8 20. Qf5 Nxe5 21. dxe5 Rd2 22. Rf2 Red8 23. Ree2 Rd1+ 24. Kg2 Rb1 25.
Qxb1 1-0

[Event "*** SCC Grand Prix: Titled Tuesday Blitz"]
[Site "Chess.com"]
[Date "2020.06.02"]
[Round "1"]
[White "hongnhung1234"]
[Black "tapu2"]
[Result "1-0"]
[WhiteElo "2211"]
[BlackElo "2529"]
[TimeControl "180+1"]
[EndTime "10:05:29 PDT"]
[Termination "hongnhung1234 won by resignation"]

1. e4 c6 2. d4 d5 3. f3 e6 4. Nc3 Bb4 5. Bf4 Ne7 6. Qd3 Nd7 7. O-O-O Qa5 8. Nge2 b6 9. a3 Bxc3 10. Nxc3 O-O 11.
h4 b5 12. Bd6 Re8 13. h5 h6 14. g4 Nb6 15. g5 hxg5 16. Qe3 f6 17. f4 dxe4 18.
fxg5 Nf5 19. Qf4 fxg5 20. Qxg5 Kh7 21. Qg6+ 1-0

[Event "*** SCC Grand Prix: Titled Tuesday Blitz"]
[Site "Chess.com"]
[Date "2020.06.02"]
[Round "1"]
[White "Aleksandar-Topalov"]
[Black "rasmussvane"]
[Result "0-1"]
[WhiteElo "2428"]
[BlackElo "2886"]
[TimeControl "180+1"]
[EndTime "10:05:30 PDT"]
[Termination "rasmussvane won by resignation"]

1. b3 d5 2. Bb2 Bf5 3. Nf3 e6 4. g3 h6 5. Bg2 Nf6 6. O-O Be7 7. d3 O-O 8. Nbd2 Bh7 9. Qe1 c5 10. Ne5 Nfd7 11. Nxd7 Qxd7 12. e4 Nc6 13. Nf3 Rac8 14. Ne5 Nxe5 15. Bxe5 c4 16. Qe2 cxd3 17. cxd3 Bg6 18.
Bb2 Rfd8 19. exd5 exd5 20. Rac1 Bf8 21. Qf3 Rxc1 22. Rxc1 Qb5 23. Rc7 Bd6 24. Rc1 Bf8 25. Rc7 Qa6 26. a3 Qb6 27. Rc3 d4 28. Rc4 Qxb3 29.
Bxd4 Bxd3 30. Rc3 Qb1+ 0-1

[Event "*** SCC Grand Prix: Titled Tuesday Blitz"]
[Site "Chess.com"]
[Date "2020.06.02"]
[Round "1"]
[White "topotun"]
[Black "Lovinski"]
[Result "1/2-1/2"]
[WhiteElo "2737"]
[BlackElo "2393"]
[TimeControl "180+1"]
[EndTime "10:05:30 PDT"]
[Termination "Game drawn by agreement"]

1. e4 e5 2. Nf3 Nc6 3. Bb5 a6 4. Ba4 Nf6 5. O-O Be7 6. Re1 b5 7. Bb3 d6 8. c3 O-O 9. h3 Nb8 10. d4 Nbd7 11. Nbd2 Bb7 12. Bc2 Re8 13.
Nf1 Bf8 14. Ng3 g6 15. a4 c5 16. d5 c4 17. Bg5 Nc5 18. Qd2 Be7 19. Ra3 Nfd7 20. Bh6 Bf8 21. Rea1 Qc7 22. Bxf8 Rxf8 23. Qh6 Nb6 24. axb5 axb5 25. Rxa8 Rxa8 26. Rxa8+ Bxa8 27. h4 f6 28. h5 Qg7 29. Qc1 Bb7 30. Qa1 Qc7 31. Nh4 Kg7 32. Qd1 Bc8 33. hxg6 hxg6 34. Qa1 Nba4 35. Qa3 1/2-1/2

[Event "*** SCC Grand Prix: Titled Tuesday Blitz"]
[Site "Chess.com"]
[Date "2020.06.02"]
[Round "1"]
[White "GMBenjaminBok"]
[Black "Happy1712Drummer"]
[Result "1-0"]
[WhiteElo "2907"]
[BlackElo "2434"]
[TimeControl "180+1"]
[EndTime "10:05:31 PDT"]
[Termination "GMBenjaminBok won on time"]

1. d4 d5 2. Nf3 Nf6 3. c4 c6 4. Nc3 e6 5. e3 Nbd7 6. Qc2 Bd6 7. b3 Qe7 8. Be2 O-O 9. O-O e5 10. cxd5 Nxd5 11. Nxd5 cxd5 12. dxe5 Nxe5 13. Bb2 Nxf3+ 14.
Bxf3 Be6 15. Rfd1 Rac8 16. Qd2 Rfd8 17. Rac1 Bc5 18. h3 f6 19. Bd4 Bb4 20. Qd3 a6 21. Bb6 Rxc1 22. Rxc1 Rd7 23. Rc8+ Kf7 24. Qxh7 1-0

[Event "*** SCC Grand Prix: Titled Tuesday Blitz"]
[Site "Chess.com"]
[Date "2020.06.02"]
[Round "1"]
[White "robertxbob"]
[Black "Squirlolz"]
[Result "1-0"]
[WhiteElo "2176"]
[BlackElo "2505"]
[TimeControl "180+1"]
[EndTime "10:05:31 PDT"]
[Termination "robertxbob won by checkmate"]

1. d4 Nf6 2. c4 e6 3. Nc3 Bb4 4. a3 Bxc3+ 5. bxc3 c5 6. f3 O-O 7. e4 Nc6 8. Be3 b6 9. Bd3 Ne8 10. Nh3 Ba6 11. O-O Na5 12. Qe2 Rc8 13. Rac1 Nd6 14. e5 Ndxc4 15. Bg5 Qe8 16. f4 d5 17. Bxh7+ Kxh7 18.
Qh5+ Kg8 19. Bf6 Ne3 20. Ng5 gxf6 21. Qh7# 1-0

[Event "*** SCC Grand Prix: Titled Tuesday Blitz"]
[Site "Chess.com"]
[Date "2020.06.02"]
[Round "1"]
[White "SCIM"]
[Black "dosto07"]
[Result "1-0"]
[WhiteElo "2511"]
[BlackElo "2112"]
[TimeControl "180+1"]
[EndTime "10:05:33 PDT"]
[Termination "SCIM won by resignation"]

1. d4 d5 2. c4 dxc4 3. e4 e5 4. Nf3 exd4 5. Bxc4 Nc6 6. O-O Be6 7. Bxe6 fxe6 8.
Qb3 Qd7 9. Qxb7 Rb8 10. Qa6 Nf6 11. e5 Nd5 12. a3 Be7 13. Qd3 O-O 14. Re1 a5 15. Nbd2 Nf4 16. Qe4 d3 17. Nf1 Ne2+ 18. Kh1 Bc5 19. Be3 Bxe3 20. Nxe3 Rxb2 21. Rad1 Rd8 22.
Ng5 g6 23. Ng4 Kg7 24. Nf6 Nc3 25. Qh4 h5 26. Nxd7 Rxd7 27. Nxe6+ Kh7 28. Nf8+ 1-0

[Event "*** SCC Grand Prix: Titled Tuesday Blitz"]
[Site "Chess.com"]
[Date "2020.06.02"]
[Round "1"]
[White "FabianoCaruana"]
[Black "witcher8"]
[Result "1-0"]
[WhiteElo "3017"]
[BlackElo "2453"]
[TimeControl "180+1"]
[EndTime "10:05:34 PDT"]
[Termination "FabianoCaruana won on time"]

1. c4 e5 2. Nc3 Nc6 3. Nf3 f5 4. d4 e4 5. Ne5 Nf6 6. Bg5 Be7 7. e3 d6 8. Nxc6 bxc6 9. Be2 O-O 10. h4 Rb8 11.
Qc2 h6 12. Bf4 Be6 13. h5 Bf7 14. Rb1 Qe8 15. Qd1 a5 16. b3 Kh7 17. g3 Qd7 18.
Kf1 Rb4 19. Kg2 Rfb8 20. Qc2 Qe8 21. g4 fxg4 22. Nxe4 Nxe4 23. Qxe4+ Kg8 24. Bd3 Bf6 25.
Qh7+ Kf8 26. Bg6 Qe7 27. Bxf7 Qxf7 28. Qf5 Qe7 29. Qxg4 a4 30. Qf5 axb3 31. axb3 Rxb3 32. Rxb3 Rxb3 33. Ra1 Rb8 34. Ra7 d5 35. Rxc7 1-0

[Event "*** SCC Grand Prix: Titled Tuesday Blitz"]
[Site "Chess.com"]
[Date "2020.06.02"]
[Round "1"]
[White "Kezin_Roman"]
[Black "Kaua18"]
[Result "1-0"]
[WhiteElo "2689"]
[BlackElo "2338"]
[TimeControl "180+1"]
[EndTime "10:05:35 PDT"]
[Termination "Kezin_Roman won by resignation"]

1. d4 Nf6 2. c4 e6 3. g3 d5 4. Bg2 Be7 5. Nf3 O-O 6. O-O c6 7. Qc2 Nbd7 8. Nbd2 b6 9. e4 Bb7 10. e5 Ne8 11. cxd5 cxd5 12. Re1 Rc8 13. Qd1 Qc7 14. h4 Ba6 15. Qa4 Bd3 16. Bf1 b5 17. Qd1 Bxf1 18. Nxf1 Qc2 19. Qxc2 Rxc2 20. Ne3 Rc6 21. Bd2 Nb6 22.
Rec1 Rxc1+ 23. Rxc1 Nc4 24. Nxc4 dxc4 25. b3 Ba3 26. Rc2 f6 27. bxc4 fxe5 28. Nxe5 b4 29. Nc6 Nd6 30. Bxb4 Bxb4 31. Nxb4 Nf5 32. Nc6 Rf7 33. Kg2 Rc7 34. d5 Kf7 35. Re2 exd5 36. cxd5 Kf6 37. Re6+ Kf7 38. Nd8+ Kf8 39. Re5 Rf7 40.
Nxf7 1-0

[Event "*** SCC Grand Prix: Titled Tuesday Blitz"]
[Site "Chess.com"]
[Date "2020.06.02"]
[Round "1"]
[White "Sychev_Klementy"]
[Black "Alohamora11"]
[Result "1-0"]
[WhiteElo "2837"]
[BlackElo "2416"]
[TimeControl "180+1"]
[EndTime "10:05:36 PDT"]
[Termination "Sychev_Klementy won by resignation"]

1. e4 c5 2. Nf3 g6 3. d4 cxd4 4. Nxd4 Nc6 5. Nc3 Bg7 6. Be3 Nf6 7. Nxc6 bxc6 8. e5 Ng8 9. Bd4 Nh6 10. e6 O-O 11.
Bxg7 Kxg7 12. Qd4+ f6 13. exd7 Qxd7 14. Qxd7 Bxd7 15.
O-O-O Rfd8 16. Be2 Bg4 17. Rhe1 Bxe2 18. Rxe2 Rxd1+ 19. Kxd1 Rd8+ 20. Ke1 Kf7 21. Re4 Rd7 22. Rc4 Rc7 23. g4 e5 24. h3 Ke6 25. Nb5 Rb7 26. Rxc6+ Kd5 27. Rc8 Ke4 28. Nd6+ 1-0

[Event "*** SCC Grand Prix: Titled Tuesday Blitz"]
[Site "Chess.com"]
[Date "2020.06.02"]
[Round "1"]
[White "bugbug01052018"]
[Black "Artem_Sadovsky"]
[Result "1-0"]
[WhiteElo "2208"]
[BlackElo "2525"]
[TimeControl "180+1"]
[EndTime "10:05:37 PDT"]
[Termination "bugbug01052018 won by resignation"]

1. d4 g6 2. c4 Bg7 3. Nf3 d6 4. g3 e5 5. Bg2 e4 6. Nfd2 f5 7.
e3 Nf6 8. Nc3 O-O 9. Ne2 c6 10.
h4 d5 11. Nf4 a6 12. c5 Kf7 13. b3 h6 14. Ba3 g5 15. Nh5 f4 16. hxg5 Bg4 17. gxf6 Bxd1 18. fxg7 Bxh5 19. gxf8=Q+ Qxf8 20. Rxh5 Kg6 21. Rh4 f3 22. Bh3 a5 23. O-O-O Na6 24. Rh1 Nb4 25. Bxb4 axb4 26. Kb2 Qd8 27. Bg4 Qg5 28.
Be6 h5 29. Rxh5 Qxh5 30. Bf7+ Kxf7 31. Rxh5 Kg6 32. Rh4 Kg5 33. Nf1 Rb8 34. Nh2 b6 35.
cxb6 Rxb6 36. Ng4 c5 37. Ne5 cxd4 38. exd4 Re6 39. Rf4 Rh6 40. Nf7+ Kg6 41. Nxh6 1-0

[Event "*** SCC Grand Prix: Titled Tuesday Blitz"]
[Site "Chess.com"]
[Date "2020.06.02"]
[Round "1"]
[White "BilodeauA"]
[Black "NZT72"]
[Result "1-0"]
[WhiteElo "2899"]
[BlackElo "2433"]
[TimeControl "180+1"]
[EndTime "10:05:38 PDT"]
[Termination "BilodeauA won on time"]

1. e4 e5 2. Nf3 Nc6 3. Bc4 Bc5 4. c3 Nf6 5. d3 d6 6. O-O h6 7. Re1 a5 8. Nbd2 O-O 9. Nf1 Bb6 10. h3 Ne7 11. Bb3 Ng6 12. d4 c6 13. Ng3 Re8 14. Be3 Be6 15. Bc2 Qc7 16. Qd2 Kh7 17. a4 Rad8 18.
Rad1 Bc8 19. Qe2 Be6 20. Nh2 Kg8 21. Nh5 Nxh5 22. Qxh5 exd4 23. cxd4 d5 24. e5 Nf8 25. Ng4 c5 26. Bxh6 gxh6 27. Nxh6+ Kg7 28. Rd3 Ng6 29.
Rg3 Rh8 30. Bxg6 1-0

[Event "*** SCC Grand Prix: Titled Tuesday Blitz"]
[Site "Chess.com"]
[Date "2020.06.02"]
[Round "1"]
[White "Gabrielian_Artur"]
[Black "killer311"]
[Result "1-0"]
[WhiteElo "2732"]
[BlackElo "2376"]
[TimeControl "180+1"]
[EndTime "10:05:38 PDT"]
[Termination "Gabrielian_Artur won by resignation"]

1. e4 c6 2. d4 d5 3. Nd2 dxe4 4.
Nxe4 Bf5 5. Ng3 Bg6 6. c3 e6 7. Nh3 Nf6 8. Nf4 Bd6 9. h4 Bxf4 10. Bxf4 h6 11. Qb3 Qb6 12. Qa3 Nbd7 13. Be2 c5 14. Rd1 O-O 15. dxc5 Nxc5 16. h5 Bh7 17. Be3 Rac8 18. b4 Rfd8 19. Rxd8+ Rxd8 20. Bxc5 Qc6 21. O-O Ne4 22. Bf3 Rd3 23. Bxe4 Bxe4 24. Nxe4 Qxe4 25.
Qxa7 Rxc3 26. Qb8+ Kh7 27. Qd6 Rd3 28. Qe7 f6 29.
Qf7 Rd5 30. Qg6+ Qxg6 31. hxg6+ Kxg6 32. a4 e5 33. a5 Rd3 34. Rb1 e4 35. b5 f5 36. a6 bxa6 37. b6 Rd5 38. b7 1-0

[Event "*** SCC Grand Prix: Titled Tuesday Blitz"]
[Site "Chess.com"]
[Date "2020.06.02"]
[Round "1"]
[White "carlesdc96"]
[Black "MateSchmate"]
[Result "1-0"]
[WhiteElo "2758"]
[BlackElo "2383"]
[TimeControl "180+1"]
[EndTime "10:05:39 PDT"]
[Termination "carlesdc96 won by checkmate"]

1. e4 e6 2. d4 d5 3. Nc3 Bb4 4. e5 c5 5. Bd2 Ne7 6. a3 Bxc3 7. Bxc3 Nbc6 8. Nf3 O-O 9. dxc5 Ng6 10. Qe2 f6 11. exf6 gxf6 12. O-O-O e5 13. b4 Be6 14. h4 d4 15. Bb2 a5 16. b5 Nce7 17. Nxd4 Nf4 18. Qd2 Qd5 19. Nxe6 Qxe6 20. g3 Nfg6 21.
h5 Nh8 22. Qc3 Nf7 23. Bc4 Qf5 24. f4 exf4 25. Qxf6 Qxf6 26. Bxf6 Nf5 27. gxf4 Rfe8 28. Rd7 Nh6 29. Rg1+ Kf8 30. Bg7+ Kg8 31. Bxh6+ Kh8 32. Bg7+ Kg8 33. Bxf7# 1-0

[Event "*** SCC Grand Prix: Titled Tuesday Blitz"]
[Site "Chess.com"]
[Date "2020.06.02"]
[Round "1"]
[White "JakubPulpan"]
[Black "WelshTiger"]
[Result "1-0"]
[WhiteElo "2720"]
[BlackElo "2363"]
[TimeControl "180+1"]
[EndTime "10:05:39 PDT"]
[Termination "JakubPulpan won by resignation"]

1. e4 c5 2. Nf3 Nc6 3. Bb5 g6 4. Bxc6 bxc6 5. O-O Bg7 6. Re1 Nh6 7. c3 O-O 8. d4 cxd4 9. cxd4 d5 10. e5 f6 11.
exf6 exf6 12. Bf4 Nf7 13. Nc3 Bg4 14. h3 Bxf3 15. Qxf3 Qb6 16. Re6 Rae8 17. Rae1 Rxe6 18. Rxe6 Nd8 19. Nxd5 Qxd4 20. Ne7+ Kf7 21. Nxc6 Qxb2 22. Re7+ Kg8 23. Qd5+ Nf7 24. Rxf7 Rxf7 25. Nd8 1-0

[Event "*** SCC Grand Prix: Titled Tuesday Blitz"]
[Site "Chess.com"]
[Date "2020.06.02"]
[Round "1"]
[White "ferdipy"]
[Black "Semen_Khanin"]
[Result "0-1"]
[WhiteElo "2347"]
[BlackElo "2699"]
[TimeControl "180+1"]
[EndTime "10:05:39 PDT"]
[Termination "Semen_Khanin won by resignation"]

1. e4 c5 2. Nf3 e6 3. c3 d5 4. e5 d4 5. Bb5+ Bd7 6. Qe2 a6 7.
Bxd7+ Qxd7 8. cxd4 cxd4 9. d3 Nc6 10. Nbd2 Nge7 11. Nc4 Nd5 12. O-O b5 13. Ncd2 Be7 14.
Qe4 O-O 15. Nxd4 Nxd4 16. Qxd4 Rfd8 17. Nf3 Nb4 18. Qg4 Qxd3 19. Bh6 Qg6 20. Qxg6 hxg6 21. Bf4 Nd3 22. Bc1 Rac8 23. Rd1 Nxe5 24. Rxd8+ Rxd8 25. Nd2 Bg5 26. Nf1 Rd1 27. Bxg5 Rxa1 28. g3 Rxa2 29. Bc1 Nd3 0-1

[Event "*** SCC Grand Prix: Titled Tuesday Blitz"]
[Site "Chess.com"]
[Date "2020.06.02"]
[Round "1"]
[White "DortmundCity"]
[Black "zala02"]
[Result "1-0"]
[WhiteElo "2581"]
[BlackElo "2243"]
[TimeControl "180+1"]
[EndTime "10:05:41 PDT"]
[Termination "DortmundCity won by resignation"]

1. e4 c5 2. Nf3 Nc6 3. d4 cxd4 4. Nxd4 Nf6 5. Nc3 e5 6. Ndb5 d6 7. Bg5 a6 8. Na3 b5 9. Nd5 Be7 10. Bxf6 Bxf6 11. c3 Bg5 12. Nc2 Rb8 13. a4 bxa4 14. Ncb4 Nxb4 15. Nxb4 O-O 16. Nc6 Qb6 17. Nxb8 Qxb8 18.
Qc2 Be6 19. Bxa6 Bb3 20. Qe2 f5 21. Bc4+ Kh8 22. Bxb3 Qxb3 23. exf5 Rxf5 24. O-O h6 25. Ra3 Qf7 26. Rxa4 Bf4 27. g3 Bg5 28. Qc4 Qe8 29. Rfa1 Rf8 30. Ra8 Qxa8 31. Rxa8 Rxa8 32. Qd5 Ra1+ 33.
Kg2 Rb1 34. b4 Rc1 35. h4 Bf6 36. c4 1-0

[Event "*** SCC Grand Prix: Titled Tuesday Blitz"]
[Site "Chess.com"]
[Date "2020.06.02"]
[Round "1"]
[White "tgpgoat"]
[Black "DraG0s3L"]
[Result "0-1"]
[WhiteElo "2096"]
[BlackElo "2504"]
[TimeControl "180+1"]
[EndTime "10:05:41 PDT"]
[Termination "DraG0s3L won by checkmate"]

1. e4 e6 2. d4 d5 3. Nd2 c5 4.
exd5 Qxd5 5. Ngf3 cxd4 6. Bc4 Qd7 7. Nb3 Nc6 8. Nfxd4 Nf6 9. O-O a6 10. Be3 b5 11. Nxc6 Qxc6 12. Be2 Bb7 13. Bf3 Qc7 14. Bf4 Qb6 15. Be3 Qc7 16. Bf4 Qc8 17. Na5 Bxf3 18.
Qxf3 Bb4 19. Nc6 Bc5 20. b4 Nd5 21. bxc5 Qxc6 22. Bd6 Ne7 23. Qf4 Nf5 24. Qg5 h6 25. Qg4 Nxd6 26. Qxg7 O-O-O 27. cxd6 Rhg8 28. Qxf7 Qxg2# 0-1

[Event "*** SCC Grand Prix: Titled Tuesday Blitz"]
[Site "Chess.com"]
[Date "2020.06.02"]
[Round "1"]
[White "latixxa"]
[Black "IMDT02"]
[Result "1-0"]
[WhiteElo "2145"]
[BlackElo "2500"]
[TimeControl "180+1"]
[EndTime "10:05:42 PDT"]
[Termination "latixxa won by resignation"]

1. d4 Nf6 2. Nf3 g6 3. Bf4 Bg7 4. e3 d6 5. h3 O-O 6. Be2 Nbd7 7.
c4 c6 8. O-O Re8 9. Nc3 e5 10.
Bh2 Qe7 11. b4 e4 12. Nd2 Nf8 13. c5 d5 14. b5 Bd7 15. Bd6 Qd8 16. Qa4 Ne6 17.
Rab1 Ng5 18. bxc6 bxc6 19. Rb7 h5 20. Rfb1 Rc8 21. Qxa7 Bxh3 22. gxh3 Nxh3+ 23. Kf1 Ng4 24. Rxf7 Bh6 25. Bxg4 hxg4 26. Rh7 1-0

[Event "*** SCC Grand Prix: Titled Tuesday Blitz"]
[Site "Chess.com"]
[Date "2020.06.02"]
[Round "1"]
[White "Baron_von_Koenig"]
[Black "reniite"]
[Result "1-0"]
[WhiteElo "2461"]
[BlackElo "1816"]
[TimeControl "180+1"]
[EndTime "10:05:46 PDT"]
[Termination "Baron_von_Koenig won by checkmate"]

1. Nc3 d5 2. e4 dxe4 3. Nxe4 Nd7 4. Bc4 e6 5. d3 Ngf6 6. Bb3 Be7 7. Nf3 O-O 8. O-O Nxe4 9. dxe4 Nc5 10. Qe2 b6 11. Bc4 Bb7 12. Rd1 Qc8 13. Bg5 Bxg5 14. Nxg5 h6 15. Nf3 Nxe4 16. Ne5 Nd6 17. Bd3 a5 18.
Qh5 Ba6 19. c4 Nf5 20. b3 g6 21. Qh3 Kg7 22. Bxf5 exf5 23. Rd7 Bb7 24. Qg3 Kf6 25. Qc3 Ke6 26. Rad1 f6 27. Nxg6 Rg8 28. Re7# 1-0

[Event "*** SCC Grand Prix: Titled Tuesday Blitz"]
[Site "Chess.com"]
[Date "2020.06.02"]
[Round "1"]
[White "ZEN-22"]
[Black "VMikhalevski"]
[Result "0-1"]
[WhiteElo "2380"]
[BlackElo "2739"]
[TimeControl "180+1"]
[EndTime "10:05:50 PDT"]
[Termination "VMikhalevski won by resignation"]

1. e4 e5 2. Nc3 Nf6 3. f4 d5 4. fxe5 Nxe4 5. Qf3 f5 6. d3 Nxc3 7. bxc3 Be7 8. d4 Kf8 9. Bd3 Kg8 10. Bxf5 c6 11. Rb1 Na6 12. Bxc8 Qxc8 13. Nh3 Nc7 14.
O-O Qe6 15. Rxb7 Rf8 16. Nf4 Qc8 17. Rxa7 Qb8 18. Ba3 Qxa7 19. Bxe7 Rf7 20. Bc5 Qa6 21.
Qg4 h5 22. Qh3 Rh6 23. Nd3 Rxf1+ 24. Kxf1 Ne6 25. Bd6 Qxa2 26. Ne1 Qa1 27. Ke2 Nf4+ 0-1

[Event "*** SCC Grand Prix: Titled Tuesday Blitz"]
[Site "Chess.com"]
[Date "2020.06.02"]
[Round "1"]
[White "MilanJeremic"]
[Black "suyu28"]
[Result "0-1"]
[WhiteElo "2240"]
[BlackElo "2580"]
[TimeControl "180+1"]
[EndTime "10:05:52 PDT"]
[Termination "suyu28 won on time"]

1. d4 Nf6 2. Nf3 d5 3. g3 c5 4.
e3 Nc6 5. Bg2 Bg4 6. O-O e6 7. b3 Bd6 8. Bb2 O-O 9. Nbd2 cxd4 10.
exd4 Ne4 11. h3 Bh5 12. Qe1 f5 13. c3 Qc7 14. Rc1 Rae8 15. c4 Bb4 16. Qe3 f4 17. gxf4 Rxf4 18. a3 Bd6 19. c5 Be7 20. Nxe4 Rxe4 21.
Qc3 Rf8 22. Rce1 Bg6 23. Ne5 Nxe5 24. Rxe4 Bxe4 25. Bxe4 dxe4 26. dxe5 Qxc5 27. Qxc5 Bxc5 28. Kg2 Rf3 29. b4 Bb6 0-1

[Event "*** SCC Grand Prix: Titled Tuesday Blitz"]
[Site "Chess.com"]
[Date "2020.06.02"]
[Round "1"]
[White "Vuk2000"]
[Black "dpopadic"]
[Result "1-0"]
[WhiteElo "2661"]
[BlackElo "2327"]
[TimeControl "180+1"]
[EndTime "10:05:53 PDT"]
[Termination "Vuk2000 won by resignation"]

1. d4 Nf6 2. Bg5 e6 3. e4 h6 4. Bxf6 Qxf6 5. c3 d6 6. Bd3 e5 7. Ne2 Nc6 8. O-O Bd7 9. Na3 exd4 10. Nb5 O-O-O 11. cxd4 a6 12. Nbc3 Nxd4 13. Nd5 Nxe2+ 14. Qxe2 Qd4 15. Rac1 c6 16. Bxa6 Kb8 17. Rc4 Qa7 18.
Bxb7 Qxb7 19. Rb4 cxd5 20. Rxb7+ Kxb7 21. exd5 Rc8 22. Qd2 Be7 23. Re1 Bf6 24. Qb4+ Kc7 25. Rc1+ Kd8 26. Qb6+ Ke7 27. Re1+ Be5 28. f4 f6 29.
fxe5 fxe5 30. Qb4 Rb8 31. Rxe5+ Kf7 32. Qxd6 Rhd8 33. Re7+ Kg8 34. Rxd7 Rxd7 35. Qxb8+ Kf7 36. Qe5 Re7 37. Qxe7+ Kxe7 38. a4 Kd6 39. a5 Kxd5 40. b4 1-0

[Event "*** SCC Grand Prix: Titled Tuesday Blitz"]
[Site "Chess.com"]
[Date "2020.06.02"]
[Round "1"]
[White "mjray79"]
[Black "Szparu"]
[Result "0-1"]
[WhiteElo "2303"]
[BlackElo "2640"]
[TimeControl "180+1"]
[EndTime "10:05:53 PDT"]
[Termination "Szparu won by resignation"]

1. d4 Nf6 2. c4 g6 3. Nc3 d5 4. cxd5 Nxd5 5. e4 Nxc3 6. bxc3 Bg7 7. Bc4 O-O 8. Be3 c5 9. Ne2 Nc6 10. O-O b6 11. h4 cxd4 12. cxd4 Bb7 13. h5 Rc8 14. e5 Na5 15. Bd3 Nc4 16. Bf4 Nb2 17. Qb3 Nxd3 18. Qxd3 Qd5 19. f3 Rfd8 20. Rad1 Qc4 21.
Qe3 Qxa2 22. Ra1 Qd5 23. Rxa7 b5 24. Nc3 Qxd4 25. Qxd4 Rxd4 26. Nxb5 Rxf4 27. Rxb7 Bxe5 28. hxg6 hxg6 29. Rxe7 Bf6 30. Re4 Rxe4 31. fxe4 Kg7 32. Nd6 Bd4+ 33. Kh2 Be5+ 0-1

[Event "*** SCC Grand Prix: Titled Tuesday Blitz"]
[Site "Chess.com"]
[Date "2020.06.02"]
[Round "1"]
[White "CaspiIsrael"]
[Black "PetrolulSah"]
[Result "1-0"]
[WhiteElo "2576"]
[BlackElo "2239"]
[TimeControl "180+1"]
[EndTime "10:05:53 PDT"]
[Termination "CaspiIsrael won by resignation"]

1. e4 e5 2. Nf3 Nf6 3. Nxe5 d6 4.
Nf3 Nxe4 5. Nc3 Nxc3 6. dxc3 Nc6 7. Be3 Be6 8. Qd2 Be7 9. O-O-O Qd7 10. Kb1 O-O-O 11.
Nd4 Bf6 12. Bb5 Bxd4 13. Bxd4 a6 14. Bxc6 Qxc6 15. Bxg7 Rhg8 16. Bf6 Rde8 17. f3 Bc4 18. Rhe1 Rxe1 19. Rxe1 Re8 20. b3 Rxe1+ 21. Qxe1 Be6 22. Kb2 Qd5 23. Qg3 Qf5 24. Qg8+ Kd7 25. Qd8+ Kc6 26.
Qe8+ Bd7 27. Qxf7 Be6 28. Qe8+ Bd7 29. Qe7 Qg6 30. g4 h5 31. h3 hxg4 32. hxg4 b5 33. Bd4 Be8 34. f4 Bd7 35. f5 Qxg4 36. f6 Qg5 37.
Qe4+ d5 38. Qe7 a5 39. Qc5+ Kb7 40. f7 1-0

[Event "*** SCC Grand Prix: Titled Tuesday Blitz"]
[Site "Chess.com"]
[Date "2020.06.02"]
[Round "1"]
[White "Nastya_Rakhmangulova"]
[Black "jb2mix"]
[Result "0-1"]
[WhiteElo "2349"]
[BlackElo "2700"]
[TimeControl "180+1"]
[EndTime "10:05:56 PDT"]
[Termination "jb2mix won by resignation"]

1. e4 e5 2. Nf3 Nc6 3. c3 Nf6 4.
d4 Bd6 5. dxe5 Nxe5 6. Nxe5 Bxe5 7. Bg5 h6 8. Bxf6 Qxf6 9. g3 Bd6 10. Bg2 O-O 11. O-O Re8 12. Nd2 Bf8 13. f4 Qb6+ 14. Kh1 Qxb2 15. e5 Qxc3 16. Ne4 Qb4 17. Rb1 Qe7 18.
Qh5 g6 19. Qf3 Bg7 20. Rfd1 Rb8 21. Qf2 b6 22. Nc3 Bb7 23. Bxb7 Rxb7 24. Nd5 Qf8 25. Rbc1 c6 26. Nc3 d5 27. exd6 Rd7 28. Ne2 Red8 29.
Ng1 Rxd6 30. Nf3 Rxd1+ 31. Rxd1 Rxd1+ 0-1